 Dungeon Crawl Stone Soup version 0.21.0-37-g46506fa (webtiles) character file.

96 hexophile the Ducker (level 4, -11/21 HPs)
             Began as a Spriggan Transmuter on Jan 30, 2018.
             Killed by divine providence
             ... invoked by an orc priest
              (16 damage)
             ... on level 3 of the Dungeon.
             The game lasted 00:03:36 (1826 turns).

hexophile the Ducker (Spriggan Transmuter)          Turns: 1826, Time: 00:03:36

Health: -11/21     AC:  2    Str:  7    XL:     4   Next: 41%
Magic:  8/9        EV: 21    Int: 14    God:
Gold:   79         SH:  0    Dex: 16    Spells: 5/8 levels left

rFire    . . .     SeeInvis +   i - +1 dagger (drain)
rCold    . . .     Gourm    .   (shield restricted)
rNeg     . . .     Faith    .   b - +0 robe
rPois    .         Spirit   .   (helmet restricted)
rElec    .         Reflect  .   (no cloak)
rCorr    .         Harm     .   (gloves unavailable)
MR       .....                  (boots unavailable)
Stlth    +.........             (no amulet)
HPRegen  0.07/turn              (no ring)
MPRegen  0.11/turn              (no ring)

@: very quick
A: very small, unfitting armour, see invisible, herbivore, speed 3, slow
metabolism 2
a: no special abilities


You were on level 3 of the Dungeon.
You were not hungry.

You visited 1 branch of the dungeon, and saw 3 of its levels.

You collected 79 gold pieces.


Innate Abilities, Weirdness & Mutations

You are very small and have problems with some larger weapons.
You are too small for most types of armour.
You have supernaturally acute eyesight. (SInv)
You are a herbivore.
You cover ground extremely quickly.
You need consume almost no food.

Inventory:

Hand Weapons
 i - a +1 dagger of draining (weapon)
Missiles
 a - 46 arrows
 l - 15 poisoned needles
Armour
 b - a +0 robe (worn)
Scrolls
 e - 2 scrolls of identify {unknown}
 g - a scroll of enchant weapon {unknown}
 h - 4 scrolls of remove curse {unknown}
 k - a scroll of amnesia {unknown}
 m - a scroll of teleportation {unknown}
 o - a scroll of fear {unknown}
Potions
 f - 3 potions of heal wounds {unknown}
 j - 2 potions of flight {unknown}
 n - a potion of ambrosia {unknown}
Books
 c - a book of Changes

   Spells                             Type                      Level
   a - Beastly Appendage              Transmutation                1
   b - Sticks to Snakes               Transmutation                2
   c - Spider Form                    Transmutation/Poison         3
   d - Ice Form                       Ice/Transmutation            4
   e - Blade Hands                    Transmutation                5
Comestibles
 d - 3 rations


You had 5 spell levels left.
You knew the following spells:

 Your Spells              Type           Power        Failure   Level  Hunger
a - Beastly Appendage     Tmut           #.....       8%          1    #......
b - Sticks to Snakes      Tmut           #.......     11%         2    ###....


   Skills:
 - Level 0.7 Fighting
 * Level 5.9 Dodging
 * Level 3.1 Unarmed Combat
 - Level 2.6 Spellcasting
 * Level 2.6 Transmutations

Dungeon Overview and Level Annotations

Branches:
Dungeon (3/15)

Altars:

Vault maps used:
D:1:      minmay_arrival_diagonal_passages
D:3:      lemuel_round_altar, fedhas_altar_2, first_ration, minivault_19
You       could see an orc priest and a friendly water moccasin.


Message History

Confirm with . or Enter, or press ? or * to list all spells.
Okay, then.
Casting: Beastly Appendage
Confirm with . or Enter, or press ? or * to list all spells.
You create a snake!
You now have 46 arrows.
The orc priest miscasts a cantrip.
What are your orders? t - Shout!
Orders for allies: a - Attack new target. r - Retreat! s - Stop attacking. g - Guard the area. f - Follow me.
Anything else - Cancel.
Gang up on whom?
Press: ? - help, Dir - move target cursor, f - orc priest
Aim: an orc priest, wielding a hand axe and wearing a ring mail Attack!
The orc priest hits your water moccasin with a hand axe.
Your water moccasin barely misses the orc priest.
Your water moccasin closely misses the orc priest.
The orc priest looks encouraged for a moment.
Your water moccasin barely misses the orc priest.
The orc priest barely misses your water moccasin.
Your water moccasin barely misses the orc priest.
The orc priest mumbles some strange prayers to Beogh against you.
Beogh smites you!
* * * LOW HITPOINT WARNING * * *
Your water moccasin bites the orc priest.
The orc priest is poisoned.
Your water moccasin poisons the orc priest! !MASSIVE DAMAGE!
YOU LOST 10 HP!
You have now: 5/21 HP.
Your water moccasin barely misses the orc priest.
The orc priest closely misses your water moccasin.
The orc priest invokes the aid of Beogh against you.
Your water moccasin writhes in agony!
What are your orders? t - Shout!
Orders for allies: a - Attack new target. p - Attack previous target. r - Retreat! s - Stop attacking. g - Guard the area. f - Follow me.
Anything else - Cancel.
Gang up on whom?
Press: ? - help, Dir - move target cursor, f/p - orc priest
Aim: an orc priest, wielding a hand axe and wearing a ring mail (moderately wounded, poisoned) Attack!
Your water moccasin bites the orc priest.
The orc priest mumbles some strange prayers to Beogh against you.
Beogh smites you!
Ouch! That really hurt!
You die...

Action                   |  1- 3 |  4- 6 || total
-------------------------+-------+-------++-------
Melee: Unarmed           |    90 |       ||    90
       Headbutt          |     8 |       ||     8
       Kick              |     7 |     1 ||     8
       Dagger            |    32 |    34 ||    66
 Cast: Beastly Appendage |    11 |     3 ||    14
       Sticks to Snakes  |       |     1 ||     1
 Stab: Sleeping          |     5 |     1 ||     6
Armor: Robe              |     9 |     1 ||    10
Dodge: Dodged            |   100 |    30 ||   130

Notes
Turn   | Place    | Note
-------+----------+-------------------------------------------
     0 | D:1      | hexophile the Spriggan Transmuter began the quest for the Orb.
     0 | D:1      | Reached XP level 1. HP: 9/9 MP: 5/5
   148 | D:1      | Reached XP level 2. HP: 10/14 MP: 6/6
   316 | D:1      | Reached skill level 4 in Dodging
   835 | D:1      | Reached XP level 3. HP: 16/17 MP: 6/8
  1219 | D:2      | Reached skill level 5 in Dodging
  1254 | D:2      | Reached skill level 3 in Unarmed Combat
  1254 | D:2      | Reached XP level 4. HP: 17/21 MP: 9/9
  1787 | D:3      | Learned a level 2 spell: Sticks to Snakes
  1826 | D:3      | Killed from afar by an orc priest

Table legend:
 A = Turns spent in this place as a percentage of turns spent in the entire game.
 B = Non-inter-level travel turns spent in this place as a percentage of non-inter-level travel turns spent in the entire game.
 C = Inter-level travel turns spent in this place as a percentage of turns spent in this place.
 D = Turns resting spent in this place as a percentage of non-inter-level travel turns spent in this place.
 E = Turns spent auto-exploring this place as a percentage of non-inter-level travel turns spent in this place.
 F = Non-inter-level travel turns spent in this place divided by the number of levels of this place that you've seen.
                   A       B       C       D       E      F
               +-------+-------+-------+-------+-------+----------------------
         Total | 100.0 | 100.0 |   3.7 |  13.7 |  56.6 | 586.3
       Dungeon | 100.0 | 100.0 |   3.7 |  13.7 |  56.6 | 586.3
               +-------+-------+-------+-------+-------+----------------------

Table legend:
 A = Kills in this place as a percentage of kills in entire the game.
 B = Kills by you in this place as a percentage of kills by you in the entire game.
 C = Kills by friends in this place as a percentage of kills by friends in the entire game.
 D = Other kills in this place as a percentage of other kills in the entire game.
 E = Experience gained in this place as a percentage of experience gained in the entire game.
 F = Experience gained in this place divided by the number of levels of this place that you have seen.
                   A       B       C       D       E      F
               +-------+-------+-------+-------+-------+----------------------
         Total | 100.0 | 100.0 |   N/A |   N/A | 100.0 |  46.0
       Dungeon | 100.0 | 100.0 |   N/A |   N/A | 100.0 |  46.0
               +-------+-------+-------+-------+-------+----------------------

Vanquished Creatures
  A worker ant (D:2)
  2 adders
  An ooze (D:1)
  A worm (D:2)
  2 dart slugs
  3 leopard geckos
  An orc (D:3)
  6 bats (D:1)
  5 giant cockroaches
  6 goblins
  3 hobgoblins
  4 frilled lizards
  7 rats
42 creatures vanquished.
